 Dungeon Crawl Stone Soup version 0.24.0-35-gdb84b6a5db (webtiles) character file.

Game seed: 6721608566474085782, levelgen mode: deterministic

60 Gumption the Shield-Bearer (level 3, -9/34 HPs)
             Began as a Deep Dwarf Fighter on Nov 18, 2019.
             Mangled by a gnoll
             ... wielding a cursed -1 halberd
              (11 damage)
             ... on level 2 of the Dungeon.
             The game lasted 00:07:40 (1119 turns).

Gumption the Shield-Bearer (Deep Dwarf Fighter)     Turns: 1119, Time: 00:07:41

Health: -9/34      AC:  6    Str: 25    XL:     3   Next: 80%
Magic:  3/3        EV:  7    Int:  8    God:
Gold:   93         SH: 10    Dex: 12    Spells: 2/2 levels left

rFire    . . .     SeeInvis .   a - +0 war axe
rCold    . . .     Gourm    .   c - +0 shield
rNeg     . . .     Faith    .   b - +0 scale mail
rPois    .         Spirit   .   (no helmet)
rElec    .         Reflect  .   (no cloak)
rCorr    .         Harm     .   (no gloves)
MR       .....                  (no boots)
Stlth    ..........             (no amulet)
HPRegen  0.00/turn              (no ring)
MPRegen  0.08/turn              (no ring)

@: mighty, non-regenerating
A: damage resistance, heal wounds, sense surroundings 1, no regeneration
a: Heal Wounds


You were on level 2 of the Dungeon.
You were not hungry.

You visited 1 branch of the dungeon, and saw 2 of its levels.

You collected 93 gold pieces.

Inventory:

Hand Weapons
 a - a +0 war axe (weapon)
 o - a cursed +0 hunting sling
Missiles
 g - 86 stones (quivered)
Armour
 b - a +0 scale mail (worn)
 c - a +0 shield (worn)
Jewellery
 q - a cursed ring of teleportation {unknown}
Scrolls
 f - a scroll of immolation {unknown}
 i - a scroll of noise {unknown}
 k - a scroll of identify {unknown}
 l - a scroll of enchant weapon {unknown}
 n - a scroll of remove curse {unknown}
Potions
 h - 2 potions of heal wounds {unknown}
 j - a potion of ambrosia {unknown}
 m - a potion of brilliance {unknown}
Comestibles
 e - 2 rations
 p - a chunk of flesh


   Skills:
 + Level 3.0 Fighting
 * Level 3.3 Axes
 + Level 3.6 Armour
 * Level 4.0 Shields


You had 2 spell levels left.
You didn't know any spells.
Your spell library was empty.

Dungeon Overview and Level Annotations

Branches:
Dungeon (2/15)

Altars:

Annotations:
D:2 1 exclusion


Innate Abilities, Weirdness & Mutations

You are resistant to damage.
You can heal yourself by infusing magical energy.
You passively map a small area around you.
You do not regenerate.


Message History

The gnoll is severely wounded.
The gnoll hits you but does no damage. x2
You slash the gnoll!
You kill the gnoll!
Your Shields skill increases to level 4!
You block the gnoll's attack. You block the gnoll's attack.
Things that are here:
a +0 club; a +0 halberd; a gnoll corpse You hit the gnoll but do no damage.
You block the gnoll's attack.
You closely miss the gnoll. You block the gnoll's attack.
A gnoll comes into view. It is wielding a +0 spear.
You barely miss the gnoll.
The gnoll shouts!
The gnoll closely misses you.
You slash the gnoll!
The gnoll is severely wounded.
You block the gnoll's attack.
The gnoll hits you with a cursed -1 halberd!
You die...

,
#.......<..#####.###
#.#
##########.........#
#.# #......##.# #.# *
* ###...#.##.####.# ,
,
,,..#####....)....###
** #. ########.....
#g ###.....#.....
#.####.#.###.#.....
#g@....#.# #.#..... *
######.#.# #.#.....
##..# #.#..... #.##
#....... #.# ######.#
* #.# #.# * * #.# #<#
, * ##.####### #.#
#........###.#


You could see 2 gnolls.

Vanquished Creatures
  2 gnolls (D:2)
  An adder (D:2)
  A leopard gecko (D:1)
  2 bats (D:1)
  2 giant cockroaches
  6 goblins
  5 hobgoblins
  A ball python (D:2)
  4 frilled lizards (D:1)
  5 kobolds
  2 rats (D:1)
31 creatures vanquished.

Notes
Turn   | Place    | Note
-------+----------+-------------------------------------------
     0 | D:1      | Gumption the Deep Dwarf Fighter began the quest for the
                  | Orb.
     0 | D:1      | Reached XP level 1. HP: 20/20 MP: 1/1
   192 | D:1      | Reached XP level 2. HP: 22/27 MP: 2/2
   898 | D:2      | Reached XP level 3. HP: 26/33 MP: 3/3
   987 | D:2      | Noticed a centaur
  1114 | D:2      | Reached skill level 4 in Shields
  1119 | D:2      | Mangled by a gnoll

Levels and vault maps discovered:
D:1:      minmay_arrival_three_doors, layout_basic
D:2:      layout_loops_ring, first_ration, serial_co_window_serial,
          co_window_corner_a, co_window_paths_a, co_window_cross_1,
          co_window_of_opportunity_a, co_window_corner_a, co_window_broadway_a,
          co_window_of_opportunity_c, co_window_corner_b, co_window_corner_b,
          co_window_of_opportunity_b, co_window_of_opportunity_b,
          co_window_cross_2, co_window_4corner_a, glass_columns_a

Skill      XL: |  1  2  3 |
---------------+----------+-----
Axes           | 3 |  3.3
Fighting       | 3 |  3.0
Shields        | 4 |  4.0
Armour         | |  3.6

Action                   || total
-------------------------++-------
Melee: War axe           ||   105
Throw: Stone             ||    43
  Use: Potion            ||     1
  Eat: Chunk             ||     1
Armor: Scale mail        ||    35
Dodge: Dodged            ||    26
Block: Shield            ||    59
